 Dungeon Crawl Stone Soup version 0.22.0-27-ga576289 (webtiles) character file.

6586 bosm the Martial Artist (level 10, -1/74 HPs)
             Began as a Demonspawn Transmuter on Aug 21, 2018.
             Was an Elder of Cheibriados.
             Shot with an arrow by a centaur (12 damage)
             ... on level 9 of the Dungeon.
             The game lasted 00:34:18 (10404 turns).

bosm the Martial Artist (Demonspawn Transmuter)    Turns: 10404, Time: 00:34:18

Health: -1/74      AC:  8    Str: 20    XL:     10   Next: 71%
Magic:  14/21      EV: 13    Int: 34    God:    Cheibriados [****..]
Gold:   375        SH:  0    Dex: 23    Spells: 9/24 levels left

rFire    . . .     SeeInvis .     - Unarmed
rCold    + . .     Gourm    .   (shield currently unavailable)
rNeg     . . .     Faith    .   f - +1 robe
rPois    .         Spirit   .   (helmet restricted)
rElec    .         Reflect  .   (no cloak)
rCorr    .         Harm     .   (gloves currently unavailable)
MR       .....                  p - +0 pair of boots
Stlth    +++.......             (no amulet)
HPRegen  0.22/turn              h - ring of stealth
MPRegen  0.17/turn              t - +6 ring of intelligence

@: about to teleport, blade hands, very slow
A: antennae 2, talons 1, iridescent scales 2, clever 1, cold resistance 1,
powered by death 2, powered by pain 1
a: End Transformation, Bend Time, Temporal Distortion, Slouch, Renounce Religion


You were on level 9 of the Dungeon.
You worshipped Cheibriados.
Cheibriados was greatly pleased with you.
You were near starving.
You had blades for hands.
You visited 2 branches of the dungeon, and saw 10 of its levels.

You collected 590 gold pieces.
You spent 215 gold pieces at shops.

Inventory:

Hand Weapons
 j - the +7 dagger "Dufaz" (melded) {venom, +Rage rPois Dex+4}
   (You found it on level 4 of the Dungeon)

   It poisons the flesh of those it strikes.
   It affects your dexterity (+4).
   It protects you from poison.
   It lets you go berserk.
Missiles
 a - 125 arrows
 x - a throwing net (quivered)
Armour
 f - a +1 robe (worn)
 p - a +0 pair of boots (worn)
 u - a +2 shield
 w - a +0 pair of gloves (melded)
Jewellery
 h - a ring of stealth (left scythe-like blade)
 n - an uncursed ring of fire
 t - a +6 ring of intelligence (right scythe-like blade)
Wands
 m - a wand of polymorph (18)
Scrolls
 c - 3 scrolls of identify
 e - 3 scrolls of enchant armour
 i - a scroll of teleportation
 q - 2 scrolls of remove curse
 s - a scroll of enchant weapon
Potions
 b - 4 potions of flight
 g - 3 potions of mutation
 k - 5 potions of haste
 l - a potion of curing
 o - 2 potions of might
 r - a potion of cancellation
 v - a potion of agility
Comestibles
 d - 11 rations


   Skills:
 - Level 5.0 Fighting
 - Level 1.7 Dodging
 * Level 10.9 Unarmed Combat
 + Level 7.8 Spellcasting
 + Level 6.1 Transmutations


You had 9 spell levels left.
You knew the following spells:

 Your Spells              Type           Power        Failure   Level  Hunger
a - Beastly Appendage     Tmut           ######       10%         1    None
b - Spider Form           Tmut/Pois      ####......   24%         3    None
c - Sticks to Snakes      Tmut           ######..     11%         2    None
d - Blade Hands           Tmut           ######....   41%         5    ####...
e - Ice Form              Ice/Tmut       ####....     45%         4    None

Your spell library contained the following spells:

 Spells                   Type           Power        Failure   Level  Hunger
 Animate Skeleton         Necr           N/A          26%         1    None
 Apportation              Tloc           ##....       26%         1    None
 Confusing Touch          Hex            ##....       26%         1    None
 Summon Small Mammal      Summ           ##..         26%         1    None


Dungeon Overview and Level Annotations

Branches:
Dungeon (9/15)             Temple (1/1) D:7             Orc (0/2) D:9
   Lair: D:8-11

Altars:
Ashenzari
Cheibriados
Dithmenos
Elyvilon
Fedhas
Gozag
Hepliaklqana
Kikubaaqudgha
Makhleb
Nemelex Xobeh
Okawaru
Qazlal
Ru
Sif Muna
Trog
Uskayaw
Vehumet
Wu Jian
Xom
Yredelemnul
Zin
The Shining One

Shops:
D:4 *

Annotations:
D:4 2 transporters, zapotec's ghost, amateur DEVM


Innate Abilities, Weirdness & Mutations

You have a pair of antennae on your head.
You are mostly covered in iridescent scales. (AC +4)
You regenerate health from kills.
You sometimes gain a little power by taking damage.
You have sharp toenails.
Your mind is acute. (Int +2)
Your flesh is cold resistant. (rC+)


Message History

You see here 19 arrows.
You slash the troll! You slash the troll.
The troll is moderately wounded.
The centaur shoots an arrow.
The arrow hits you. The troll bites you. The troll closely misses you.
The troll claws you.
* * * LOW HITPOINT WARNING * * *
You hit the troll.
The troll is heavily wounded.
The centaur shoots an arrow.
The arrow hits you but does no damage.
Your magical contamination has completely faded away.
Okay, then.
As you read the scroll of teleportation, it crumbles to dust.
You feel strangely unstable.
The centaur shoots an arrow.
The arrow barely misses you. The troll bites you!
* * * LOW HITPOINT WARNING * * *
The troll claws you.
* * * LOW HITPOINT WARNING * * *
The troll misses you.
You feel better.
The centaur shoots an arrow.
The arrow hits you!
You die...

. .
...####################.
.........(..............
......T@(...............
........................
........................
...c....................
...............)........
........................
........................
.######################.
#.


You could see a troll and a centaur.

Vanquished Creatures
  Harold (D:8)
  Joseph (D:7)
  Prince Ribbit (D:5)
  2 hungry ghosts (D:9)
  Menkaure (D:7)
  A water moccasin (D:6)
  A black bear (D:8)
  2 orc warriors
  2 sky beasts
  4 ice beasts
  4 phantoms
  5 centaurs
  10 ogres
  5 bullfrogs
  A wyvern zombie (D:8)
  A scorpion (D:5)
  9 wights (D:8)
  10 killer bees (D:8)
  A bullfrog zombie (D:9)
  A centaur zombie (D:6)
  A crimson imp (D:8)
  5 hounds
  A jelly (D:8)
  4 orc priests
  2 bullfrog skeletons
  An iguana (D:4)
  An orc wizard (D:7)
  Terence (D:2)
  6 worker ants
  A killer bee zombie (D:8)
  6 ogre zombies (D:9)
  A worker ant zombie (D:9)
  4 gnolls (D:7)
  9 adders
  5 shadow imps
  3 oozes
  An adder skeleton (D:4)
  2 worms
  10 dart slugs
  8 leopard geckos
  19 orcs
  6 giant cockroaches
  4 goblins
  7 hobgoblins
  5 jackals
  8 quokkas
  2 ball pythons
  3 bats
  3 frilled lizards
  A goblin skeleton (D:9)
  A goblin zombie (D:9)
  A hobgoblin zombie (D:9)
  6 kobolds
  A leopard gecko skeleton (D:7)
  An orc skeleton (D:9)
  13 orc zombies (D:9)
  4 rats
220 creatures vanquished.

Vanquished Creatures (collateral kills)
  An ogre (D:6)
  A centaur (D:7)
  3 jackals (D:7)
5 creatures vanquished.

Grand Total: 225 creatures vanquished

Notes
Turn   | Place    | Note
-------+----------+-------------------------------------------
     0 | D:1      | bosm the Demonspawn Transmuter began the quest for the Orb.
     0 | D:1      | Reached XP level 1. HP: 15/15 MP: 3/3
   390 | D:1      | Reached skill level 3 in Unarmed Combat
   390 | D:1      | Gained mutation: You regenerate a little health from kills. [demonic ancestry]
   390 | D:1      | Reached XP level 2. HP: 16/21 MP: 5/5
   541 | D:1      | Learned a level 2 spell: Sticks to Snakes
  1121 | D:2      | Lost mutation: You have a pair of horns on your head. [demonic ancestry]
  1121 | D:2      | Lost mutation: You have a pair of small horns on your head. [demonic ancestry]
  1121 | D:2      | Gained mutation: You have a pair of small antennae on your head. [demonic ancestry]
  1121 | D:2      | Reached XP level 3. HP: 7/26 MP: 2/6
  1254 | D:2      | Gained mutation: You have sharp toenails. [potion of mutation]
  1254 | D:2      | Gained mutation: Your flesh is cold resistant. (rC+) [potion of mutation]
  1254 | D:2      | Gained mutation: Your mind is acute. (Int +2) [potion of mutation]
  1422 | D:2      | Learned a level 3 spell: Spider Form
  1729 | D:2      | Noticed Terence
  1746 | D:2      | Reached XP level 4. HP: 24/32 MP: 2/8
  1761 | D:2      | Killed Terence
  1761 | D:2      | Reached skill level 4 in Unarmed Combat
  2466 | D:3      | Gained mutation: You sometimes gain a little power by taking damage. [demonic ancestry]
  2466 | D:3      | Reached XP level 5. HP: 36/37 MP: 2/9
  3220 | D:4      | Noticed an ogre
  3226 | D:4      | Killed an ogre
  3226 | D:4      | Reached skill level 5 in Unarmed Combat
  3299 | D:4      | Found Kicy's Assorted Antiques.
  3306 | D:4      | Got a dazzling dagger
  3307 | D:4      | Identified the +7 dagger "Dufaz" {venom, +Rage rPois Dex+4} (You found it on level 4 of the Dungeon)
  3335 | D:4      | Bought a glowing white potion for 25 gold pieces
  3335 | D:4      | Bought a glowing white potion for 25 gold pieces
  3335 | D:4      | Bought a tourmaline ring for 140 gold pieces
  3335 | D:4      | Bought a blue potion for 25 gold pieces
  3373 | D:4      | Gained mutation: You are partially covered in iridescent scales. (AC +2) [demonic ancestry]
  3373 | D:4      | Reached XP level 6. HP: 37/43 MP: 11/11
  3851 | D:4      | Found a transporter.
  3866 | D:4      | Found a transporter.
  3866 | D:4      | Noticed zapotec's ghost (amateur DEVM)
  4169 | D:4      | Reached skill level 6 in Unarmed Combat
  4265 | D:4      | Found a burning altar of Makhleb.
  4266 | D:4      | Found a sparkling altar of Nemelex Xobeh.
  4348 | D:5      | Entered Level 5 of the Dungeon
  4387 | D:5      | Reached XP level 7. HP: 9/48 MP: 7/13
  4926 | D:5      | Reached skill level 7 in Unarmed Combat
  5058 | D:5      | Noticed Prince Ribbit
  5070 | D:5      | Killed Prince Ribbit
  5070 | D:5      | Reached skill level 5 in Spellcasting
  5070 | D:5      | Gained mutation: You have a pair of antennae on your head. [demonic ancestry]
  5070 | D:5      | Reached XP level 8. HP: 39/54 MP: 12/15
  5826 | D:6      | Reached skill level 8 in Unarmed Combat
  6919 | D:7      | Noticed Menkaure
  6949 | D:7      | Killed Menkaure
  6995 | D:7      | Noticed Harold
  7218 | D:7      | Noticed Joseph
  7249 | D:7      | Killed Joseph
  7249 | D:7      | Gained mutation: You are mostly covered in iridescent scales. (AC +4) [demonic ancestry]
  7249 | D:7      | Reached XP level 9. HP: 21/64 MP: 13/18
  7486 | D:7      | Got a brightly glowing hand axe
  7487 | D:7      | Identified the cursed +1 hand axe "Egobac" {flame, rF+ MR- Int+3 SInv} (You found it on level 7 of the Dungeon)
  7732 | D:7      | Reached skill level 9 in Unarmed Combat
  8018 | D:7      | Found a staircase to the Ecumenical Temple.
  8025 | Temple   | Entered the Ecumenical Temple
  8045 | Temple   | Became a worshipper of Cheibriados the Contemplative
  8858 | D:8      | Reached * piety under Cheibriados
  8933 | D:8      | Killed Harold
  8933 | D:8      | Reached skill level 5 in Transmutations
  8933 | D:8      | Gained mutation: You regenerate health from kills. [demonic ancestry]
  8933 | D:8      | Reached XP level 10. HP: 34/73 MP: 16/20
  8957 | D:8      | Reached skill level 5 in Fighting
  9033 | D:8      | Found a shadowy altar of Dithmenos.
  9039 | D:8      | Found a blossoming altar of Fedhas.
  9039 | D:8      | Found an ancient bone altar of Kikubaaqudgha.
  9043 | D:8      | Found a white marble altar of Elyvilon.
  9070 | D:8      | Reached skill level 10 in Unarmed Combat
  9081 | D:8      | Got an ancient chain mail
  9082 | D:8      | Identified the cursed +1 chain mail "Etuol" {rC+} (You found it on level 8 of the Dungeon)
  9094 | D:8      | Learned a level 5 spell: Blade Hands
  9099 | D:8      | Learned a level 4 spell: Ice Form
  9191 | D:8      | Reached ** piety under Cheibriados
 10052 | D:9      | Found a staircase to the Orcish Mines.
 10072 | D:9      | Reached *** piety under Cheibriados
 10383 | D:9      | Reached **** piety under Cheibriados
 10404 | D:9      | Shot with an arrow by a centaur

Skill      XL: |  1  2  3  4  5  6  7  8  9 10 |
---------------+-------------------------------+-----
Unarmed Combat | 3 4 5 6 7 8 9 10 | 10.9
Transmutations | 2 3 5 6 |  6.1
Spellcasting   | 3 4 5 6 7 |  7.8
Fighting       | 3 4 5 |  5.0
Dodging        | |  1.7

Action                   |  1- 3 |  4- 6 |  7- 9 | 10-12 || total
-------------------------+-------+-------+-------+-------++-------
Melee: Unarmed           |    64 |   106 |   219 |   164 ||   553
       Short sword       |    44 |       |       |       ||    44
       Kick              |    12 |    17 |       |       ||    29
       Headbutt          |     7 |       |       |       ||     7
       Dagger            |    20 |    19 |    56 |    24 ||   119
       Punch             |     1 |     1 |     1 |     6 ||     9
Throw: Throwing net      |       |       |     1 |       ||     1
 Cast: Beastly Appendage |    10 |       |       |       ||    10
       Sticks to Snakes  |     3 |       |    22 |     2 ||    27
       Spider Form       |     5 |    12 |    30 |     3 ||    50
       Blade Hands       |       |       |       |    16 ||    16
       Ice Form          |       |       |       |     1 ||     1
 Abil: End Transformatio |       |     1 |     4 |     2 ||     7
  Use: Potion            |     2 |     7 |     7 |     1 ||    17
       Scroll            |       |    10 |     5 |     2 ||    17
 Stab: Sleeping          |     2 |     2 |     8 |     5 ||    17
  Eat: Chunk             |     3 |    10 |    14 |     3 ||    30
       Ration            |       |       |     1 |     1 ||     2
Armor: Robe              |    24 |    22 |    17 |    45 ||   108
       Skin              |     1 |     1 |     7 |     3 ||    12
Dodge: Dodged            |    75 |    86 |   193 |    92 ||   446
